 Dungeon Crawl Stone Soup version 0.17.0-7-gfadd4cc (webtiles) character file.

107 st0uf the Ruffian (level 4, -4/37 HPs)
             Began as a Draconian Transmuter on Nov 8, 2015.
             Killed from afar by an orc wizard (5 damage)
             ... with a puff of frost
             ... on level 3 of the Dungeon.
             The game lasted 00:11:55 (3055 turns).

st0uf the Ruffian (Draconian Transmuter)            Turns: 3055, Time: 00:11:55

Health: -4/37      AC:  5    Str: 13    XL:     4   Next: 57%
Magic:  2/8        EV: 12    Int: 13    God:
Gold:   119        SH:  0    Dex: 12    Spells: 2 memorised, 5 levels left

rFire  . . .     SeeInvis .       - Unarmed
rCold  . . .     Clarity  .     (armour unavailable)
rNeg   . . .     SustAt   .     (no shield)
rPois  .         Gourm    .     (helmet restricted)
rElec  .         Spirit   .     (no cloak)
rCorr  .         Warding  .     (no gloves)
rMut   .         Stasis   .     (no boots)
MR     .....                    (no amulet)
Stlth  +.........               (no ring)
                                (no ring)

@: appendage, very slightly contaminated, not resistant to hostile enchantments,
very unstealthy
A: unfitting armour, horns 2, cold-blooded, AC +5
a: End Transformation


You were on level 3 of the Dungeon.
You were hungry.
You had grown temporary horns.
You visited 1 branch of the dungeon, and saw 3 of its levels.

You collected 119 gold pieces.

Inventory:

Missiles
 a - 30 arrows
Armour
 m - a +0 cloak
Wands
 n - a wand of teleportation (5)
Scrolls
 d - 3 scrolls of immolation {unknown}
 e - 2 scrolls of identify {unknown}
 g - 2 scrolls of enchant armour {unknown}
 j - a scroll of noise {unknown}
 l - a scroll of fog {unknown}
 p - a scroll of remove curse {unknown}
Potions
 f - a potion of cure mutation {unknown}
 i - a potion of degeneration {unknown}
 o - a potion of poison {unknown}
Books
 b - a book of Changes

   Spells                             Type                      Level
   a - Beastly Appendage              Transmutation                1
   b - Sticks to Snakes               Transmutation                2
   c - Spider Form                    Transmutation/Poison         3
   d - Ice Form                       Ice/Transmutation            4
   e - Blade Hands                    Transmutation                5
Comestibles
 c - 2 bread rations
 h - a beef jerky
 k - a meat ration
 q - 3 chunks of flesh


   Skills:
 + Level 2.3 Fighting
 - Level 1.7 Dodging
 + Level 3.6 Unarmed Combat
 + Level 2.6 Spellcasting
 + Level 3.2 Transmutations


You had 5 spell levels left.
You knew the following spells:

 Your Spells              Type           Power        Failure   Level  Hunger
a - Beastly Appendage     Trmt           ##....       10%         1    #......
b - Sticks to Snakes      Trmt           ##........   12%         2    ###....


Dungeon Overview and Level Annotations

Branches:
Dungeon (3/15)

Altars:
Dithmenos
Elyvilon
Qazlal
Xom


Innate Abilities, Weirdness & Mutations

Your plain brown scales are hard (AC +5).
Your body does not fit into most forms of armour.
You are cold-blooded and may be slowed by cold attacks.
You have a pair of horns on your head.


Message History

You closely miss the orc wizard.
The orc wizard is heavily wounded.
The orc wizard hits you with a dagger.
* * * LOW HITPOINT WARNING * * *
You hit the orc wizard but do no damage.
Your headbutt misses the orc wizard.
The orc wizard is heavily wounded.
The orc wizard hits you with a dagger.
* * * LOW HITPOINT WARNING * * *
Casting: Beastly Appendage
Confirm with . or Enter, or press ? or * to list all spells.
You create a snake!
You are feeling hungry.
The orc wizard hits you but does no damage.
Casting: Sticks to Snakes
Confirm with . or Enter, or press ? or * to list all spells.
You create a snake!
The orc wizard casts a spell at you. The puff of frost hits you!
You die...

≈≈≈≈≈≈≈≈≈≈.....≈≈≈≈≈≈≈≈≈≈
≈≈≈≈≈≈≈≈≈≈.....≈≈≈≈≈≈≈≈≈≈
≈≈≈≈o≈≈≈≈.....≈≈≈≈≈≈≈≈≈≈≈
≈o..≈.≈≈.≈.....≈≈≈≈≈≈.≈.≈
.........................
....o....................
.#######.S......######...
#o####..## #.## #@# #..#
#.# #(# #..# #.# #S# #<.#
#.# #)# #..#######.# #)#
#........#.## ####)#
##.#####.#... #..((#
#.#####.#### #(####
#.##.>..# # #.#
#.##.#######


You could see an orc wizard and 2 friendly adders.

Vanquished Creatures
  Crazy Yiuf (D:2)
  2 adders (D:2)
  An ooze (D:1)
  2 worms
  3 giant geckos
  2 orcs (D:3)
  A giant cockroach (D:3)
  8 goblins
  5 hobgoblins
  A ball python (D:1)
  11 bats
  5 giant newts
  5 kobolds
  A quokka (D:2)
  3 rats (D:2)
51 creatures vanquished.

Vanquished Creatures (others)
  An adder (D:2)
  A kobold (D:2)
2 creatures vanquished.

Grand Total: 53 creatures vanquished

Notes
Turn   | Place    | Note
--------------------------------------------------------------
     0 | D:1      | st0uf the Draconian Transmuter began the quest for the Orb.
     0 | D:1      | Reached XP level 1. HP: 16/16 MP: 3/3
   365 | D:1      | Reached XP level 2. HP: 12/23 MP: 3/5
   523 | D:1      | Learned a level 2 spell: Sticks to Snakes
  1236 | D:2      | Reached XP level 3. HP: 20/29 MP: 4/6
  1683 | D:2      | Found a white marble altar of Elyvilon.
  2025 | D:2      | Noticed Crazy Yiuf
  2031 | D:2      | Killed Crazy Yiuf
  2031 | D:2      | Reached XP level 4. HP: 37/37 MP: 5/7
  2519 | D:2      | Found a shadowy altar of Dithmenos.
  2520 | D:2      | Found a shimmering altar of Xom.
  2930 | D:3      | Found a stormy altar of Qazlal.
  3053 | D:3      | HP: 1/37 [orc wizard/dagger (2)]
  3055 | D:3      | Killed from afar by an orc wizard

Action                   |  1- 3 |  4- 6 || total
-------------------------+-------+-------++-------
Melee: Unarmed           |   113 |    60 ||   173
 Cast: Beastly Appendage |    31 |    13 ||    44
       Sticks to Snakes  |       |     2 ||     2
  Eat: Chunk             |     4 |     4 ||     8
